 Dungeon Crawl Stone Soup version 0.28-a0-1629-gf728b707aa (webtiles) character file.

Game seed: 17835957013580398335

154 Ajdolov the Poker (level 5, -22/50 HPs)
             Began as a Naga Monk on Jan 24, 2022.
             Annihilated by an ogre (25 damage)
             ... on level 4 of the Dungeon.
             The game lasted 00:04:43 (4099 turns).

Ajdolov the Poker (Naga Monk)                       Turns: 4099, Time: 00:04:44

Health: -22/50     AC:  4    Str: 13    XL:     5   Next: 36%
Magic:  8/8        EV:  9    Int: 13    God:
Gold:   141        SH:  0    Dex: 13    Spells: 8/8 levels left

rFire   . . .      SeeInvis +   a - +0 spear
rCold   . . .      Faith    .   (no shield)
rNeg    . . .      Spirit   .   n - +0 ring mail
rPois   +          Reflect  .   (no helmet)
rElec   .          Harm     .   (no cloak)
rCorr   .          Rampage  .   (no gloves)
Will    .....                   (no barding)
Stlth   ++........              (no amulet)
HPRegen 0.16/turn               (no ring)
MPRegen 0.11/turn               (no ring)

@: mighty, very slow
A: AC +1, large, see invisible, deformed body, poison resistance, slowness 2,
spit poison 1, naga tail 1
a: Spit Poison


You were on level 4 of the Dungeon.
You visited 1 branch of the dungeon, and saw 4 of its levels.

You collected 141 gold pieces.

Inventory:

Hand Weapons
 a - a +0 spear (weapon)
Armour
 b - a +0 robe
 n - a +0 ring mail (worn)
Jewellery
 r - a ring of positive energy
Scrolls
 c - 3 scrolls of identify {unknown}
 e - 2 scrolls of magic mapping {unknown}
 f - a scroll of silence {unknown}
 g - a scroll of teleportation {unknown}
 h - 3 scrolls of fog {unknown}
 l - 2 scrolls of vulnerability {unknown}
 m - a scroll of summoning {unknown}
 t - a scroll of immolation {unknown}
Potions
 d - a potion of attraction {unknown}
 i - a potion of might
 j - a potion of haste {unknown}
 k - a potion of curing {unknown}
 o - 2 potions of heal wounds {unknown}
 p - a potion of flight {unknown}
 q - a potion of mutation {unknown}
 s - a potion of magic {unknown}


   Skills:
 + Level 4.1 Fighting
 + Level 4.2 Polearms
 - Level 2.4 Dodging
 - Level 3.0 Stealth
 + Level 2.3 Spellcasting


You had 8 spell levels left.
You didn't know any spells.
Your spell library contained the following spells:

 Spells                   Type           Power      Damage    Failure   Level
 Magic Dart               Conj           4%         1d3       50%         1
 Searing Ray              Conj           2%         2d4       63%         2
 Tukima's Dance           Hex            1%         N/A       86%         3
 Anguish                  Hex/Necr       0%         N/A       99%         4
 Fulminant Prism          Conj/Hex       0%         3d6       99%         4
 Enfeeble                 Hex            0%         N/A       100%        7


Dungeon Overview and Level Annotations

Branches:
Dungeon (4/15)
 Temple: D:4-7

Altars:
Gozag

Annotations:
D:3 Sigmund


Innate Abilities, Weirdness & Mutations

Your serpentine skin is tough. (AC +1)
You have supernaturally acute eyesight. (SInv)
Armour fits poorly on your strangely shaped body.
Your system is resistant to poisons. (rPois)
You cover ground very slowly.
You can spit poison.
You have a snake-like lower body.


Message History

No target in view!
s - a brown potion
Found 29 arrows.
Found a great sword.
You see here 29 arrows.
You now have 125 gold pieces (gained 10).
Found a stone staircase leading up.
You now have 141 gold pieces (gained 16).
t - a scroll labelled VIYCOPRIOTUO An ogre comes into view.
It is wielding a +0 giant club.
Found a ring of see invisible.
The ogre shouts!
Aiming: Spit Poison (1% risk of failure)
Press: ? - help, Shift-Dir - straight line, f - ogre
Aim: an ogre, wielding a +0 giant club (81% to hit)
The splash of poison hits the ogre.
The ogre is poisoned.
The ogre is lightly wounded.
A quokka comes into view.
You have got your breath back.
The ogre hits you with a +0 giant club!!
The ogre looks more healthy.
Aiming: Spit Poison (1% risk of failure)
Press: ? - help, Shift-Dir - straight line, f/p - ogre
Aim: an ogre, wielding a +0 giant club (moderately wounded, 81% to hit)
The splash of poison hits the ogre!
The ogre is poisoned.
The ogre is severely wounded.
The ogre hits you with a +0 giant club!!
* * * LOW HITPOINT WARNING * * *
It was a potion of might.
You feel very mighty all of a sudden.
You hit the ogre.
The ogre is almost dead.
The ogre hits you with a +0 giant club.
* * * LOW HITPOINT WARNING * * *
You closely miss the ogre.
The ogre is almost dead.
You have got your breath back.
The ogre hits you with a +0 giant club!!
Ouch! That really hurt!
You die...

........######
#.....<.... #
###......#.# ..
#..).......# ..
###..###...#####
#.#####..##........#
#........##...####.#
##......####.....#
..............##@#
.............###O##.#
....(..####.## #r...#
####.#...##.##..........
#.....##. #..........
##....##. #..........
#....# #..........
##...# #.......... #...#
#.....=....


You could see an ogre (poisoned) and a quokka.

Vanquished Creatures
  A hound (D:4)
  A centaur skeleton (D:3)
  2 adders (D:3)
  5 dart slugs
  An orc (D:3)
  10 endoplasms
  2 giant cockroaches
  4 goblins
  4 hobgoblins
  5 jackals
  6 kobolds
  5 quokkas
  4 ball pythons
  4 bats (D:2)
  3 frilled lizards
  6 rats
63 creatures vanquished.

Notes
Turn   | Place    | Note
-------+----------+-------------------------------------------
     0 | D:1      | Ajdolov the Naga Monk began the quest for the Orb.
     0 | D:1      | Reached XP level 1. HP: 21/21 MP: 1/1
   335 | D:1      | Reached XP level 2. HP: 28/28 MP: 2/2
   723 | D:1      | Reached skill level 1 in Spellcasting
   887 | D:1      | Reached XP level 3. HP: 21/34 MP: 4/4
  1299 | D:2      | Found an opulent altar of Gozag.
  2431 | D:3      | Reached XP level 4. HP: 30/44 MP: 6/6
  3059 | D:3      | Noticed Sigmund
  3317 | D:3      | Reached XP level 5. HP: 49/50 MP: 8/8
  4091 | D:4      | Noticed an ogre
  4099 | D:4      | Annihilated by an ogre

Illustrated notes

Levels and vault maps discovered:
D:1:      eino_arrival_cavern_a, layout_rooms
D:2:      layout_loops_ring, basic_altar, grunt_decor_one_mirror
D:3:      layout_loops_corners, uniq_sigmund
D:4:      layout_basic, hangedman_decor_growths, minmay_pentangle, uniq_duvessa

Skill      XL: |  1  2  3  4 |
---------------+-------------+-----
Spellcasting   | 1 2 |  2.3
Polearms       | 4 |  4.2
Fighting       | 4 |  4.1
Dodging        | |  2.4
Stealth        | |  3.0

Action                   |  1- 3 |  4- 6 || total
-------------------------+-------+-------++-------
Melee: Spear             |   151 |   101 ||   252
       Punch             |     2 |       ||     2
 Abil: Spit Poison       |     3 |     7 ||    10
  Use: Potion            |       |     1 ||     1
 Stab: Sleeping          |    10 |     1 ||    11
Armor: Robe              |    12 |       ||    12
       Ring mail         |       |    22 ||    22
Dodge: Dodged            |    55 |    45 ||   100

Table legend: (Time is in decaauts)
 A = Elapsed time spent in this place.
 B = Non-inter-level travel time spent in this place.
 C = Inter-level travel time spent in this place.
 D = Time resting spent in this place.
 E = Time spent auto-exploring this place.
 F = Levels seen in this place.
 G = Mean time per level.
                   A        B        C        D        E       F      G
               +--------+--------+--------+--------+--------+-----+--------+
         Total |   4888 |   4769 |    119 |    916 |   3245 |   4 | 1222.0 |
       Dungeon |   4888 |   4769 |    119 |    916 |   3245 |   4 | 1222.0 |
               +--------+--------+--------+--------+--------+-----+--------+

Top non-repeatable levels by time:
     D:3: 1974 daAuts
     D:1: 1363 daAuts
     D:2: 1231 daAuts
     D:4: 319 daAuts
